 Dungeon Crawl Stone Soup version 0.26-a0-648-g87339cca5e (webtiles) character file.

Game seed: 12460142304074247690

70 DogServant the Caller (level 4, 0/26 HPs)
             Began as a Tengu Summoner on Sept 25, 2020.
             Splashed by a jelly's acid (9 damage)
             ... on level 4 of the Dungeon.
             The game lasted 00:05:17 (1755 turns).

DogServant the Caller (Tengu Summoner)              Turns: 1755, Time: 00:05:17

Health: 0/26       AC: -2    Str:  9    XL:     4   Next: 21%
Magic:  1/8        EV: 13    Int: 15    God:
Gold:   48         SH:  0    Dex: 15    Spells: 4/7 levels left

rFire    . . .     SeeInvis .   h - +0 long sword
rCold    . . .     Faith    .   (no shield)
rNeg     . . .     Spirit   .   a - +0 robe
rPois    .         Reflect  .   (helmet restricted)
rElec    .         Harm     .   (no cloak)
rCorr    .         Rampage  .   (no gloves)
MR       .....                  (boots unavailable)
Stlth    ++........             (no amulet)
HPRegen  0.08/turn              (no ring)
MPRegen  0.11/turn              (no ring)

@: corroded
A: beak, talons 3
a: no special abilities


You were on level 4 of the Dungeon.
You visited 1 branch of the dungeon, and saw 3 of its levels.

You collected 48 gold pieces.

Inventory:

Hand Weapons
 c - a +0 short sword
 h - a +0 long sword (weapon)
Missiles
 f - 40 stones (quivered)
 i - 20 sling bullets
Armour
 a - a +0 robe (worn)


   Skills:
 + Level 1.9 Fighting
 - Level 2.1 Dodging
 - Level 2.0 Stealth
 - Level 2.4 Spellcasting
 + Level 5.9 Summonings


You had 4 spell levels left.
You knew the following spells:

 Your Spells              Type           Power        Failure   Level
a - Summon Small Mammal   Summ           ###.         1%          1
b - Call Imp              Summ           ###.....     2%          2

Your spell library contained the following spells:

 Spells                   Type           Power        Failure   Level
 Call Canine Familiar     Summ           ###.....     5%          3
 Summon Guardian Golem    Hex/Summ       ##......     19%         3
 Summon Ice Beast         Ice/Summ       ##......     54%         4
 Summon Lightning Spire   Summ/Air       ##......     54%         4


Dungeon Overview and Level Annotations

Branches:
Dungeon (2/15)             Temple (0/1) D:4

Altars:

Annotations:
D:4 Purgy


Innate Abilities, Weirdness & Mutations

You have a beak for a mouth.
You have claws for feet.


Message History

Casting: Call Imp (safe; 2% risk of failure)
Confirm with . or Enter, or press ? or * to list all spells.
Your crimson imp blinks!
You swap places.
Your crimson imp disappears in a puff of smoke!
Your quokka bites the worker ant.
The worker ant barely misses your quokka.
You swap places.
The jelly hits your quokka.
Your quokka is splashed with acid.
The acid corrodes your quokka!
Your quokka dies!
Your quokka's corpse disappears in a puff of smoke!
The worker ant closely misses you.
You closely miss the worker ant. Your kick misses the worker ant.
The worker ant is almost dead.
The worker ant bites you. The worker ant closely misses you.
You hit the worker ant but do no damage.
You claw the worker ant.
The worker ant is almost dead.
The jelly hits you. The acid corrodes you!
You are splashed with acid!
You die...

######## #..)5..#
#5####'######..
#.# #.........#
#####5#
#T........#
#.....#
#..........
##.##.#
#..........
#.######T........<
#...a@JOr.........
###########.......
.###### .# .#


You could see Purgy, an ogre, a jelly, a worker ant and a quokka.

Vanquished Creatures
  An orc priest (D:4)
  An adder skeleton (D:4)
  A ball python (D:1)
  5 bats
  A giant cockroach (D:1)
  4 goblins
  5 hobgoblins
  A jackal (D:1)
  A quokka (D:2)
  A frilled lizard (D:2)
  3 kobolds
  2 rats (D:1)
26 creatures vanquished.

Vanquished Creatures (collateral kills)
  An adder (D:2)
  An ooze (D:1)
  A dart slug (D:1)
  2 orcs (D:4)
  2 hobgoblins
  A jackal (D:1)
8 creatures vanquished.

Grand Total: 34 creatures vanquished

Notes
Turn   | Place    | Note
-------+----------+-------------------------------------------
     0 | D:1      | DogServant the Tengu Summoner began the quest for the Orb.
     0 | D:1      | Reached XP level 1. HP: 10/10 MP: 4/4
   192 | D:1      | Reached skill level 5 in Summonings
   259 | D:1      | Reached XP level 2. HP: 5/15 MP: 4/6
   627 | D:1      | Learned a level 2 spell: Call Imp
   935 | D:1      | Reached XP level 3. HP: 18/20 MP: 7/7
  1132 | D:2      | Reached skill level 1 in Fighting
  1380 | D:2      | Found a faded altar of an unknown god.
  1694 | D:2      | You fall into a shaft and drop 2 floors!
  1701 | D:4      | Found a staircase to the Ecumenical Temple.
  1719 | D:4      | Reached XP level 4. HP: 13/26 MP: 2/8
  1726 | D:4      | Noticed an ogre
  1726 | D:4      | Noticed Purgy
  1755 | D:4      | Splashed by a jelly's acid

Illustrated notes

Levels and vault maps discovered:
D:1:      dpeg_arrival_more_subterranean_lakeside_camping, layout_rooms,
          kennysheep_crisscross
D:2:      layout_loops_corners, chequers_ecumenical_altar_island, serial_glass,
          glass_columns_a, glass_columns_a, minmay_between,
          uniq_crazy_yiuf_cottage, uniq_jessica
D:4:      layout_basic, minmay_temple_entry_statues_fountains, uniq_purgy

Skill      XL: |  1  2  3 |
---------------+----------+-----
Summonings     | 5 |  5.9
Fighting       | 1 |  1.9
Dodging        | |  2.1
Stealth        | |  2.0
Spellcasting   | |  2.4

Action                   |  1- 3 |  4- 6 || total
-------------------------+-------+-------++-------
Melee: Short sword       |    47 |       ||    47
       Peck              |    11 |     1 ||    12
       Kick              |    18 |     1 ||    19
       Long sword        |    13 |     2 ||    15
 Cast: Summon Small Mamm |     9 |     1 ||    10
       Call Imp          |     7 |     2 ||     9
  Use: Scroll            |       |     3 ||     3
       Potion            |       |     1 ||     1
 Stab: Sleeping          |     2 |       ||     2
Armor: Robe              |    15 |       ||    15
Dodge: Dodged            |    35 |     9 ||    44
       Rpst.: Long sword |     4 |     3 ||     7

Table legend: (Time is in decaauts)
 A = Elapsed time spent in this place.
 B = Non-inter-level travel time spent in this place.
 C = Inter-level travel time spent in this place.
 D = Time resting spent in this place.
 E = Time spent auto-exploring this place.
 F = Levels seen in this place.
 G = Mean time per level.
                   A        B        C        D        E       F      G
               +--------+--------+--------+--------+--------+-----+--------+
         Total |   1764 |   1734 |     30 |    735 |    665 |   3 |  588.0 |
       Dungeon |   1764 |   1734 |     30 |    735 |    665 |   3 |  588.0 |
               +--------+--------+--------+--------+--------+-----+--------+

Top non-repeatable levels by time:
     D:1: 1117 daAuts
     D:2: 584 daAuts
     D:4: 62 daAuts
